 Dungeon Crawl Stone Soup version 0.27-a0-1332-g84bddb5ca7 (webtiles) character file.

Game seed: 7807266924907670383

7 Brandom the Sneak (level 1, -1/18 HPs)
             Began as a Demonspawn Delver on June 25, 2021.
             Slain by an adder (2 damage)
             ... on level 3 of the Dungeon.
             The game lasted 00:02:14 (412 turns).

Brandom the Sneak (Demonspawn Delver)                Turns: 412, Time: 00:02:14

Health: -1/18      AC:  3    Str: 12    XL:     1   Next: 83%
Magic:  1/1        EV: 11    Int: 11    God:
Gold:   8          SH:  0    Dex: 14    Spells: 0/0 levels left

rFire    . . .     SeeInvis .   a - +0 falchion
rCold    . . .     Faith    .   (no shield)
rNeg     . . .     Spirit   .   b - +0 leather armour
rPois    .         Reflect  .   (no helmet)
rElec    .         Harm     .   (no cloak)
rCorr    .         Rampage  .   (no gloves)
Will     .....                  (no boots)
Stlth    ++........             (no amulet)
HPRegen  0.06/turn              (no ring)
MPRegen  0.07/turn              (no ring)

@: no status effects
A: no striking features
a: no special abilities


You were on level 3 of the Dungeon.
You visited 1 branch of the dungeon, and saw 3 of its levels.

You collected 8 gold pieces.

Inventory:

Hand Weapons
 a - a +0 falchion (weapon)
Armour
 b - a +0 leather armour (worn)
Wands
 v - a wand of digging (3)
Scrolls
 c - a scroll of fog
 d - a scroll of magic mapping
 e - a scroll of fear
 g - a scroll of vulnerability {unknown}
Potions
 f - a potion of haste {@q3}
 h - a potion of resistance {unknown}
 i - 2 potions of lignification {unknown}


   Skills:
 * Level 3.1 Fighting
 * Level 2.0 Long Blades
 + Level 0.3 Armour
 + Level 1.9 Dodging
 - Level 4.5 Stealth


You couldn't memorise any spells.
You didn't know any spells.
Your spell library was empty.

Dungeon Overview and Level Annotations

Branches:
Dungeon (5/15)
 Temple: D:4-7

Altars:

Annotations:
D:4 2 transporters, Gwenloh's ghost, novice MiFi


Message History

You hit the rat.
You kill the rat!
No target in view!
No target in view!
No target in view!
An adder comes into view.
You closely miss the adder. The adder bites you but does no damage.
You barely miss the adder. The adder barely misses you.
You riposte.
You miss the adder. The adder bites you.
You barely miss the adder. The adder bites you but does no damage.
The adder bites you.
You are poisoned.
The adder poisons you!
You miss the adder.
You feel sick. The adder bites you.
You miss the adder.
You feel sick. The adder bites you but does no damage.
The adder closely misses you.
You barely miss the adder.
You feel sick. The adder barely misses you.
You riposte.
You hit the adder but do no damage. You barely miss the adder.
You feel sick. The adder bites you but does no damage. The adder bites you.
* * * LOW HITPOINT WARNING * * *
You miss the adder.
You feel sick.
You are no longer poisoned.
The adder barely misses you.
Unknown command.
You hit the adder but do no damage. The adder bites you but does no damage.
The adder bites you.
* * * LOW HITPOINT WARNING * * *
Unknown command.
You closely miss the adder. The adder barely misses you.
The adder closely misses you.
Unknown command.
You miss the adder. The adder barely misses you.
Unknown command.
You hit the adder but do no damage. The adder barely misses you.
You riposte.
You closely miss the adder. The adder bites you but does no damage.
Unknown command.
Unknown command.
You hit the adder. The adder bites you.
* * * LOW HITPOINT WARNING * * *
You miss the adder. The adder bites you but does no damage.
The adder barely misses you.
Unknown command.
You hit the adder. The adder bites you.
* * * LOW HITPOINT WARNING * * *
You closely miss the adder.
The adder closely misses you. x2; You riposte.
You barely miss the adder.
Unknown command.
You barely miss the adder. The adder bites you.
You die...

##.## ####...####
.#..≈..#. ..≈≈≈..
..≈.. ... #S# #+
#@# #. #.# #.# #.#
##.## #.#
##...#########.#
#...........##.#
####....#####.##.#
.# ##.#.#####.##.#
.####.#.#........#


You could see an adder.

Vanquished Creatures
  An endoplasm (D:3)
  A goblin (D:3)
  2 kobolds
  A frilled lizard (D:3)
  A rat (D:3)
6 creatures vanquished.

Notes
Turn   | Place    | Note
-------+----------+-------------------------------------------
     0 | D:5      | Brandom the Demonspawn Delver began the quest for the Orb.
     0 | D:5      | Reached XP level 1. HP: 18/18 MP: 1/1
    85 | D:4      | Found a transporter.
    91 | D:4      | Found a transporter.
    91 | D:4      | Identified the +3 dire flail "Koiqom" {vorpal, rElec Str-3
                  | Int+2}
    91 | D:4      | Noticed an ogre
    92 | D:4      | Noticed Gwenloh's ghost (novice MiFi)
    93 | D:4      | Noticed an ogre
   412 | D:3      | Slain by an adder

Illustrated notes

Levels and vault maps discovered:
D:3:      layout_loops_corners, kennysheep_doodads, amcnicky_mini_pool_small
D:4:      layout_basic, lemuel_doored_altar, gammafunk_ghost_smash,
          chequers_serial_rivers_micro_d, minmay_misc_feat_four_crosses,
          uniq_robin, uniq_natasha, uniq_sigmund
D:5:      layout_loops_ring, serial_bayou, serial_bayou_lagoon_a,
          serial_bayou_shore_b, serial_bayou_lake_a, serial_bayou_crossing,
          minmay_fractal_squares_gapless_5

Skill      XL: |  1 |
---------------+----+-----
Long Blades    | 2 |  2.0
Fighting       | |  3.1
Armour         | |  0.3
Dodging        | |  1.9
Stealth        | |  4.5

Action                   || total
-------------------------++-------
Melee: Falchion          ||    32
 Stab: Sleeping          ||     3
Armor: Leather armour    ||     9
Dodge: Dodged            ||    17
       Rpst.: Falchion   ||     5

Table legend: (Time is in decaauts)
 A = Elapsed time spent in this place.
 B = Non-inter-level travel time spent in this place.
 C = Inter-level travel time spent in this place.
 D = Time resting spent in this place.
 E = Time spent auto-exploring this place.
 F = Levels seen in this place.
 G = Mean time per level.
                   A        B        C        D        E       F      G
               +--------+--------+--------+--------+--------+-----+--------+
         Total |    418 |    418 |      0 |    140 |     61 |   3 |  139.3 |
       Dungeon |    418 |    418 |      0 |    140 |     61 |   3 |  139.3 |
               +--------+--------+--------+--------+--------+-----+--------+

Top non-repeatable levels by time:
     D:3: 305 daAuts
     D:4: 77 daAuts
     D:5: 35 daAuts
